 Dungeon Crawl Stone Soup version 0.26.1-11-gd32895ea62 (webtiles) character file.

Game seed: 16741813910403694750

249 Fusha the Sneak (level 6, -2/46 HPs)
             Began as a Human Brigand on June 6, 2021.
             Killed by divine providence
             ... invoked by an orc priest
              (8 damage)
             ... on level 4 of the Dungeon.
             The game lasted 00:11:16 (4196 turns).

Fusha the Sneak (Human Brigand)                     Turns: 4196, Time: 00:11:17

Health: -2/46      AC:  7    Str: 11    XL:     6   Next: 34%
Magic:  6/6        EV: 11    Int: 11    God:
Gold:   274        SH:  0    Dex: 17    Spells: 5/5 levels left

rFire    + . .     SeeInvis .   q - +4 dagger (venom)
rCold    + . .     Faith    .   (no shield)
rNeg     . . .     Spirit   .   o - +0 ring mail
rPois    +         Reflect  .   (no helmet)
rElec    +         Harm     .   c - +0 cloak
rCorr    +         Rampage  .   (no gloves)
Will     .....                  g - +0 pair of boots
Stlth    ++........             (no amulet)
HPRegen  0.15/turn              (no ring)
MPRegen  0.10/turn              (no ring)

@: resistant, flying
A: no striking features
a: no special abilities


You were on level 4 of the Dungeon.
You visited 1 branch of the dungeon, and saw 4 of its levels.

You collected 274 gold pieces.

Inventory:

Hand Weapons
 q - a +4 dagger of venom (weapon)
Missiles
 d - 22 poisoned darts (quivered)
 e - 2 curare-tipped darts {!Q}
Armour
 c - a +0 cloak (worn)
 g - a +0 pair of boots (worn)
 o - a +0 ring mail (worn)
Scrolls
 a - a scroll of random uselessness {unknown}
 b - 2 scrolls of identify
 h - 2 scrolls of teleportation {unknown}
 j - 2 scrolls of fog
 m - 2 scrolls of amnesia {unknown}
 n - a scroll of immolation
Potions
 k - a potion of resistance


   Skills:
 + Level 2.6 Fighting
 + Level 3.3 Short Blades
 + Level 2.3 Throwing
 + Level 2.8 Armour
 + Level 2.0 Dodging
 + Level 5.1 Stealth


You had 5 spell levels left.
You didn't know any spells.
Your spell library contained the following spells:

 Spells                   Type           Power        Failure   Level
 Animate Skeleton         Necr           0%           63%         1
 Apportation              Tloc           0%           63%         1
 Corona                   Hex            0%           63%         1
 Summon Small Mammal      Summ           0%           63%         1
 Bolt of Magma            Conj/Fire/Erth 0%           100%        5
 Iskenderun's Battlesphe  Conj           0%           100%        5
 Iron Shot                Conj/Erth      0%           100%        6
 Orb of Destruction       Conj           0%           100%        7
 Spellforged Servitor     Conj/Summ      0%           100%        7


Dungeon Overview and Level Annotations

Branches:
Dungeon (4/15)
 Temple: D:4-7

Altars:


Message History

Okay, then.
You feel better.
The orc priest mumbles some strange prayers to Beogh against you.
Beogh smites you!
* * * LOW HITPOINT WARNING * * *
It was a potion of resistance.
You feel protected. The orc hits you but does no damage.
The orc priest hits you but does no damage.
The orc hits you but does no damage.
As you read the scroll labelled YZIZ LASTOCK, it crumbles to dust.
You feel blessed for a moment.
It was a scroll of remove curse.
The orc hits you but does no damage.
The orc priest hits you but does no damage.
As you read the scroll labelled SASMACSUVU, it crumbles to dust.
The scroll dissolves into smoke.
It was a scroll of fog.
The orc hits you but does no damage. The orc closely misses you.
The orc priest calls down the wrath of Beogh upon you.
Beogh smites you!
You die...

#. #.# # #. #.# ## ##.#### #.#
##. .....# #.########.. ...#
#.......#..♣ ###..# #.......+...
######### #)§o.# #.......#..♣
#.......## #)#oo## #.......##..
#........# .oo#@o.###........##.
##........##.#.#§§§##.........###
..........##.###...##.........###
..........## #.....##............
.......<†.####.#.#..#............
.......(............#..###'#.....
..########)#...####.#..# #.#.....
..# #.....##..# #.....# #.#.....
..# #.###....####.#.#.# #.#.....


You could see 2 orc priests and 2 orcs.

Vanquished Creatures
  A hound (D:4)
  An iguana (D:4)
  Terence (D:2)
  A worker ant (D:4)
  Robin (D:2)
  4 adders
  3 worms
  3 leopard geckos
  7 orcs
  13 bats
  3 giant cockroaches
  17 goblins
  12 hobgoblins
  5 kobolds
  A ball python (D:1)
  4 frilled lizards
  A leopard gecko skeleton (D:4)
  5 rats (D:1)
83 creatures vanquished.

Vanquished Creatures (others)
  5 toadstools (D:1)
5 creatures vanquished.

Grand Total: 88 creatures vanquished

Notes
Turn   | Place    | Note
-------+----------+-------------------------------------------
     0 | D:1      | Fusha the Human Brigand began the quest for the Orb.
     0 | D:1      | Reached XP level 1. HP: 16/16 MP: 1/1
   192 | D:1      | Reached XP level 2. HP: 19/22 MP: 2/2
   787 | D:1      | Reached XP level 3. HP: 22/27 MP: 3/3
  2121 | D:2      | Reached XP level 4. HP: 33/33 MP: 4/4
  2169 | D:2      | Noticed Robin
  2361 | D:2      | Killed Robin
  2362 | D:2      | Reached skill level 1 in Armour
  2679 | D:2      | Noticed Terence
  2704 | D:2      | Killed Terence
  2705 | D:2      | Reached XP level 5. HP: 28/39 MP: 5/5
  3469 | D:3      | Reached skill level 5 in Stealth
  3915 | D:4      | Reached XP level 6. HP: 46/46 MP: 6/6
  4196 | D:4      | Killed from afar by an orc priest

Illustrated notes

Levels and vault maps discovered:
D:1:      dpeg_arrival_rhombi, layout_basic, hangedman_decor_growths,
          minmay_gold_behind_fungi, minmay_indecisive_spiral
D:2:      layout_loops_ring, uniq_terence, uniq_robin
D:3:      layout_basic
D:4:      layout_basic, lemuel_temple_firewalk_a, serial_shops,
          kennysheep_mini_moat, kennysheep_small_circle

Skill      XL: |  1  2  3  4  5  6 |
---------------+-------------------+-----
Armour         | 1 2 |  2.8
Short Blades   | 3 |  3.3
Stealth        | 5 |  5.1
Dodging        | 2 |  2.0
Fighting       | |  2.6
Throwing       | |  2.3

Action                   |  1- 3 |  4- 6 || total
-------------------------+-------+-------++-------
Melee: Dagger            |   137 |   156 ||   293
Throw: Dart              |       |     6 ||     6
  Use: Scroll            |       |     6 ||     6
       Potion            |       |     4 ||     4
 Stab: Sleeping          |     4 |     4 ||     8
Armor: Robe              |    20 |       ||    20
       Leather armour    |    26 |       ||    26
       Ring mail         |       |    47 ||    47
Dodge: Dodged            |    84 |    75 ||   159
